 Dungeon Crawl Stone Soup version 0.27.1-3-gb3d3a73c9e (webtiles) character file.

Game seed: 4878737513159369232

352 MisterFreud the Stinger (level 6, 0/44 HPs)
             Began as a Gnoll Venom Mage on Oct 7, 2021.
             Was a Plaything of Xom.
             Slain by Menkaure (1 damage)
             ... on level 3 of the Dungeon.
             The game lasted 00:07:19 (4033 turns).

MisterFreud the Stinger (Gnoll Venom Mage)          Turns: 4033, Time: 00:07:20

Health: 0/44       AC:  2    Str:  7    XL:     6   Next: 62%
Magic:  14/14      EV: 13    Int: 17    God:    Xom [..*...]
Gold:   76         SH:  0    Dex: 12    Spells: 7/15 levels left

rFire    . . .     SeeInvis .   f - +2 dagger (drain)
rCold    . . .     Faith    .   (no shield)
rNeg     . . .     Spirit   .   a - +0 robe
rPois    .         Reflect  .   (no helmet)
rElec    .         Harm     .   (no cloak)
rCorr    .         Rampage  .   (no gloves)
Will     .....                  (no boots)
Stlth    +++.......             c - amulet of the acrobat
HPRegen  0.14/turn              (no ring)
MPRegen  0.14/turn              (no ring)

@: no status effects
A: fangs 1, strong nose, distributed training
a: Renounce Religion


You were on level 3 of the Dungeon.
You worshipped Xom.
You were a toy of Xom.
You visited 1 branch of the dungeon, and saw 4 of its levels.

You collected 76 gold pieces.

Inventory:

Hand Weapons
 b - a +3 short sword
 f - a +2 dagger of draining (weapon)
Missiles
 j - 3 boomerangs of dispersal
Armour
 a - a +0 robe (worn)
Jewellery
 c - an amulet of the acrobat (around neck)
Scrolls
 h - a scroll of teleportation
Potions
 d - 3 potions of heal wounds
 e - a potion of lignification
 g - a potion of resistance
 i - a potion of attraction {unknown}


   Skills:
 + Level 2.0 Fighting
 + Level 2.0 Short Blades
 + Level 2.0 Long Blades
 + Level 2.0 Axes
 + Level 2.0 Maces & Flails
 + Level 2.0 Polearms
 + Level 2.0 Staves
 + Level 2.0 Slings
 + Level 2.0 Bows
 + Level 2.0 Crossbows
 + Level 2.0 Throwing
 + Level 2.0 Armour
 + Level 5.0 Dodging
 + Level 4.6 Stealth
 + Level 2.0 Shields
 + Level 2.0 Unarmed Combat
 + Level 5.4 Spellcasting
 + Level 1.6 Conjurations
 + Level 1.6 Hexes
 + Level 1.6 Summonings
 + Level 1.6 Necromancy
 + Level 1.6 Translocations
 + Level 2.7 Transmutations
 + Level 1.6 Fire Magic
 + Level 1.6 Ice Magic
 + Level 1.6 Air Magic
 + Level 1.6 Earth Magic
 + Level 5.7 Poison Magic
 + Level 2.2 Invocations
 + Level 2.0 Evocations


You had 7 spell levels left.
You knew the following spells:

 Your Spells              Type           Power      Damage    Failure   Level
a - Sting                 Tmut/Pois      72%        1d6       2%          1
b - Mephitic Cloud        Conj/Pois/Air  14%        N/A       12%         3
c - Olgreb's Toxic Radia  Pois           24%        N/A       13%         4

Your spell library contained the following spells:

 Spells                   Type           Power      Damage    Failure   Level
 Poisonous Vapours        Pois/Air       34%        N/A       4%          2
 Animate Skeleton         Necr           20%        N/A       7%          1
 Apportation              Tloc           20%        N/A       7%          1
 Corona                   Hex            11%        N/A       7%          1
 Summon Small Mammal      Summ           40%        N/A       7%          1


Dungeon Overview and Level Annotations

Branches:
Dungeon (4/15)
 Temple: D:4-7

Altars:
Elyvilon
Xom
Zin

Annotations:
D:3 Menkaure


Innate Abilities, Weirdness & Mutations

You have very sharp teeth.
Your uncanny sense of smell can sniff out nearby items.
Your experience applies equally to all skills.


Message History

Unknown command.
Unknown command.
The ogre shouts!
Menkaure barely misses you. Menkaure hits you!!
Ouch! That really hurt!
You climb upwards.
There is a stone staircase leading down here.
You hit Menkaure.
Menkaure is lightly damaged.
Menkaure hits you!
* * * LOW HITPOINT WARNING * * *
You hit Menkaure.
Menkaure is lightly damaged.
Xom smiles on you.
You feel much better. Menkaure hits you.
You hit Menkaure but do no damage.
Menkaure is lightly damaged.
Menkaure barely misses you.
You hit Menkaure but do no damage.
Menkaure is lightly damaged.
Menkaure calls on the powers of darkness!
Your body is wracked with pain!
You hit Menkaure.
Menkaure is moderately damaged.
Menkaure hits you but does no damage.
You hit Menkaure.
Menkaure is moderately damaged.
Menkaure closely misses you.
You hit Menkaure but do no damage.
Menkaure is moderately damaged.
Menkaure closely misses you.
You hit Menkaure.
Menkaure is heavily damaged.
Menkaure hits you!
* * * LOW HITPOINT WARNING * * *
You hit Menkaure but do no damage.
Menkaure is heavily damaged.
Menkaure hits you.
You die...
Xom cackles wildly!

###############
#.))..........####
#.######.........#
#.#...<#.####.##.#
#.#.##....M....#.#
#.#....#.#@....#.#
#.#.#..#.#)##..#.#
#.#.#..#.#.###...#
#.#..............#
#.#.##...#.####.##
#.#......#......##
###........#.####..#
#.'........#.# #..##
###......#.#.####.>.#########


You could see Menkaure (fast).

Vanquished Creatures
  An orc priest (D:3)
  A hound (D:4)
  4 orc wizards (D:3)
  A howler monkey zombie (D:3)
  5 adders
  4 gnolls (D:4)
  A worm (D:2)
  2 dart slugs
  15 orcs (D:3)
  6 ball pythons
  6 endoplasms
  3 giant cockroaches
  7 goblins
  4 hobgoblins
  10 jackals
  4 quokkas (D:1)
  7 bats
  A frilled lizard (D:3)
  4 kobolds
  6 rats
92 creatures vanquished.

Notes
Turn   | Place    | Note
-------+----------+-------------------------------------------
     0 | D:1      | MisterFreud the Gnoll Venom Mage began the quest for the
                  | Orb.
     0 | D:1      | Reached XP level 1. HP: 13/13 MP: 6/6
     0 | D:1      | Noticed a ghoul
     0 | D:1      | Noticed a human
    15 | D:1      | Noticed a palentonga
    21 | D:1      | Noticed a palentonga
   184 | D:1      | Reached XP level 2. HP: 19/19 MP: 5/7
   551 | D:1      | Reached XP level 3. HP: 24/25 MP: 6/9
   557 | D:1      | Learned a level 3 spell: Mephitic Cloud
   627 | D:1      | Found a faded altar of an unknown god.
   745 | D:1      | Reached skill level 5 in Spellcasting
   824 | D:1      | Became a worshipper of Xom of Chaos
  1130 | D:2      | Reached skill level 1 in Invocations
  1314 | D:2      | Reached skill level 1 in Fighting
  1314 | D:2      | Reached skill level 1 in Short Blades
  1314 | D:2      | Reached skill level 1 in Long Blades
  1314 | D:2      | Reached skill level 1 in Axes
  1314 | D:2      | Reached skill level 1 in Maces & Flails
  1314 | D:2      | Reached skill level 1 in Polearms
  1314 | D:2      | Reached skill level 1 in Staves
  1314 | D:2      | Reached skill level 1 in Slings
  1314 | D:2      | Reached skill level 1 in Bows
  1314 | D:2      | Reached skill level 1 in Crossbows
  1314 | D:2      | Reached skill level 1 in Throwing
  1314 | D:2      | Reached skill level 1 in Armour
  1314 | D:2      | Reached skill level 1 in Shields
  1314 | D:2      | Reached skill level 1 in Unarmed Combat
  1314 | D:2      | Reached skill level 1 in Evocations
  1324 | D:2      | Reached XP level 4. HP: 27/32 MP: 7/11
  1664 | D:2      | Found a glowing silver altar of Zin.
  1888 | D:3      | XOM: potion effect (curing)
  1897 | D:3      | XOM: silly message
  1899 | D:3      | Reached skill level 1 in Conjurations
  1899 | D:3      | Reached skill level 1 in Hexes
  1899 | D:3      | Reached skill level 1 in Summonings
  1899 | D:3      | Reached skill level 1 in Necromancy
  1899 | D:3      | Reached skill level 1 in Translocations
  1899 | D:3      | Reached skill level 1 in Fire Magic
  1899 | D:3      | Reached skill level 1 in Ice Magic
  1899 | D:3      | Reached skill level 1 in Air Magic
  1899 | D:3      | Reached skill level 1 in Earth Magic
  2179 | D:3      | XOM: butterfly on damage
  2184 | D:3      | XOM: smoke on damage
  2188 | D:3      | XOM: potion effect (might)
  2190 | D:3      | Reached XP level 5. HP: 13/37 MP: 8/12
  2272 | D:3      | XOM: potion effect (might)
  2551 | D:3      | XOM: 7-stop teleportation journey
  2709 | D:3      | XOM: divination: detect creatures
  3152 | D:3      | Reached XP level 6. HP: 24/44 MP: 6/13
  3407 | D:3      | XOM: silly message
  3469 | D:4      | Learned a level 4 spell: Olgreb's Toxic Radiance
  3480 | D:4      | Reached skill level 5 in Dodging
  3509 | D:4      | Found a white marble altar of Elyvilon.
  3786 | D:4      | Noticed Menkaure
  3952 | D:3      | XOM: noise
  4026 | D:3      | XOM: potion effect (heal wounds)
  4032 | D:3      | HP: 1/44 [Menkaure (16)]
  4033 | D:3      | Slain by Menkaure

Illustrated notes

Levels and vault maps discovered:
D:1:      shiori_arrival_whats_in_store_for_you, layout_basic,
          hellmonk_ecumenical_altar_inner_sanctum
D:2:      layout_loops_ring, basic_altar, minmay_close_crescents
D:3:      layout_basic
D:4:      layout_gridville, mainiacjoe_overflow_small_starburst, temple_statues,
          uniq_menkaure

Skill      XL: |  1  2  3  4  5  6 |
---------------+-------------------+-----
Transmutations | 2 |  2.7
Spellcasting   | 5 |  5.4
Invocations    | 1 2 |  2.2
Fighting       | 1 2 |  2.0
Short Blades   | 1 2 |  2.0
Long Blades    | 1 2 |  2.0
Axes           | 1 2 |  2.0
Maces & Flails | 1 2 |  2.0
Polearms       | 1 2 |  2.0
Staves         | 1 2 |  2.0
Slings         | 1 2 |  2.0
Bows           | 1 2 |  2.0
Crossbows      | 1 2 |  2.0
Throwing       | 1 2 |  2.0
Armour         | 1 2 |  2.0
Shields        | 1 2 |  2.0
Unarmed Combat | 1 2 |  2.0
Evocations     | 1 2 |  2.0
Conjurations   | 1 |  1.6
Hexes          | 1 |  1.6
Summonings     | 1 |  1.6
Necromancy     | 1 |  1.6
Translocations | 1 |  1.6
Fire Magic     | 1 |  1.6
Ice Magic      | 1 |  1.6
Air Magic      | 1 |  1.6
Earth Magic    | 1 |  1.6
Dodging        | 5 |  5.0
Stealth        | |  4.6
Poison Magic   | |  5.7

Action                   |  1- 3 |  4- 6 || total
-------------------------+-------+-------++-------
Melee: Dagger            |    22 |    90 ||   112
       Bite              |       |     4 ||     4
       Punch             |       |     1 ||     1
 Cast: Sting             |    53 |    75 ||   128
  Use: Scroll            |       |     6 ||     6
       Potion            |       |     1 ||     1
 Stab: Sleeping          |     2 |    11 ||    13
Armor: Robe              |     3 |     7 ||    10
Dodge: Dodged            |    47 |    77 ||   124
